 Dungeon Crawl Stone Soup version 0.19.5 (webtiles) character file.

13 Graywind the Caller (level 2, 0/15 HPs)
             Began as a Kobold Summoner on Apr 25, 2017.
             Killed from afar by Ijyb (15 damage)
             ... with a wand of acid
             ... on level 2 of the Dungeon.
             The game lasted 00:04:20 (504 turns).

Graywind the Caller (Kobold Summoner)                Turns: 504, Time: 00:04:23

Health: 0/15       AC:  2    Str:  5    XL:     2   Next: 50%
Magic:  0/5        EV: 15    Int: 16    God:
Gold:   67         SH:  0    Dex: 15    Spells: 2 memorised, 2 levels left

rFire  . . .     SeeInvis .     f - +0 short sword
rCold  . . .     Gourm    .     a - +0 robe
rNeg   . . .     Faith    .     (shield restricted)
rPois  .         Spirit   .     (no helmet)
rElec  .         Reflect  .     (no cloak)
rCorr  .         Harm     .     (no gloves)
MR     .....                    (no boots)
Stlth  ++........               (no amulet)
                                (no ring)
                                (no ring)

@: very slightly contaminated
A: carnivore 3
a: no special abilities


You were on level 2 of the Dungeon.
You were completely stuffed.

You visited 1 branch of the dungeon, and saw 2 of its levels.

You collected 67 gold pieces.

Inventory:

Hand Weapons
 f - a +0 short sword (weapon)
Missiles
 d - 19 sling bullets
 i - 25 arrows
Armour
 a - a +0 robe (worn)
Scrolls
 h - a scroll of teleportation
 j - a scroll of remove curse
Potions
 e - 3 potions of ambrosia
 g - a potion of agility {unknown}
 k - 2 potions of haste {unknown}
Books
 b - a book of Callings

   Spells                             Type                      Level
   a - Summon Small Mammal            Summoning                    1
   b - Call Imp                       Summoning                    2
   c - Call Canine Familiar           Summoning                    3
   d - Summon Guardian Golem          Hexes/Summoning              3
   e - Summon Lightning Spire         Summoning/Air                4
   f - Summon Ice Beast               Ice/Summoning                4
Comestibles
 c - a meat ration


   Skills:
 + Level 0.2 Fighting
 + Level 2.6 Dodging
 + Level 2.9 Stealth
 + Level 2.3 Spellcasting
 + Level 4.3 Summonings


You had 2 spell levels left.
You knew the following spells:

 Your Spells              Type           Power        Failure   Level  Hunger
a - Summon Small Mammal   Summ           ###.         4%          1    #......
b - Call Imp              Summ           ###.....     8%          2    ###....


Dungeon Overview and Level Annotations

Branches:
Dungeon (2/15)

Altars:

Annotations:
D:2 Ijyb


Innate Abilities, Weirdness & Mutations

You are small and have problems with some larger weapons.
You are carnivorous and can eat meat at any time.


Message History

a club; a goblin corpse A hobgoblin comes into view.
It is wielding a club.
Ijyb the Twisted Goblin comes into view.
Ijyb shouts!
Found 8 gold pieces.
Casting: Summon Small Mammal
Confirm with . or Enter, or press ? or * to list all spells.
Casting: Summon Small Mammal
Confirm with . or Enter, or press ? or * to list all spells.
You miscast Call Imp.
You are very lightly contaminated with residual magic.
Nothing appears to happen.
An adder comes into view.
Casting: Call Imp
Confirm with . or Enter, or press ? or * to list all spells.
A beastly little devil appears in a puff of flame.
The adder hisses angrily.
Ijyb zaps a wand.
The bolt of acid hits you!
Ouch! That really hurt!
You die...

..............#.###
#...#..................#
#..........###.........#
#.......................
#.###.......##### .....
#.###..........###.g.. .
............)..#..r##...
............#....5......
.....#.(........@.......
#.##...##......##...#.#.
#.##.#####.#.####.......
#.##.## ...#..(.........
#.# .##.##.......#..g...
#.##.##.#..........##...
#.#......>......<.## ...
#.#..###..........# .S
#.....##......>...#


You could see Ijyb, an adder, a hobgoblin, a friendly crimson imp and a friendly
rat.

Vanquished Creatures
  2 bats
  A goblin (D:2)
  A hobgoblin (D:2)
  A frilled lizard (D:1)
5 creatures vanquished.

Vanquished Creatures (collateral kills)
  2 dart slugs (D:1)
  A bat (D:1)
  A goblin (D:1)
  A hobgoblin (D:1)
  2 kobolds (D:1)
7 creatures vanquished.

Grand Total: 12 creatures vanquished

Notes
Turn   | Place    | Note
-------+----------+-------------------------------------------
     0 | D:1      | Graywind the Kobold Summoner began the quest for the Orb.
     0 | D:1      | Reached XP level 1. HP: 10/10 MP: 3/3
   195 | D:1      | Reached XP level 2. HP: 13/15 MP: 5/5
   200 | D:1      | Learned a level 2 spell: Call Imp
   501 | D:2      | Noticed Ijyb
   504 | D:2      | Killed from afar by Ijyb

Action                   || total
-------------------------++-------
Melee: Unarmed           ||     3
       Short sword       ||    14
 Cast: Summon Small Mamm ||    11
       Call Imp          ||     1
  Use: Scroll            ||     5
  Eat: Chunk             ||     7
Armor: Robe              ||     4
Dodge: Dodged            ||    26
